Match 47090663
Unlisted

Match 47090663
End
Construct Weapon Support Center
Engineer Squad
M1919 Machine Gun Team
M1919 Machine Gun Team
Engineer Squad
Construct Medical Station
Construct Barracks
Bazooka Squad
Selects Heavy Weapons
Selects M2HB .50cal Heavy Machine Gun
Selects Assault Carriers
Selects M2HB .50cal Heavy Machine Gun
Riflemen Squad
Riflemen Squad
Mechanized Support Center
Grenade Package
Construct Motor Pool
Selects Rapid Reposition
M1 Anti-tank Gun Team
M1 Anti-tank Gun Team
M1918 Browning Automatic Rifles
Hentai Santa
fazakas94
C0ma
BigBoss
???
-=Thrawn=-
0
0

Comments sign in to comment!

No comments posted yet!